 Dungeon Crawl Stone Soup version 0.26-b1-32-g5d43845318 (webtiles) character file.

Game seed: 12725636156232551388

3016 theswoord the Basher (level 9, -2/66 HPs)
             Began as a Demonspawn Monk on Jan 8, 2021.
             Was a Priest of Ru.
             Slain by a two-headed ogre
             ... wielding a +0 giant club
              (19 damage)
             ... on level 8 of the Dungeon.
             The game lasted 00:22:54 (8940 turns).

theswoord the Basher (Demonspawn Monk)              Turns: 8940, Time: 00:22:55

Health: -2/66      AC: 14    Str: 14    XL:     9   Next: 55%
Magic:  0/18       EV:  3    Int: 11    God:    Ru [***...]
Gold:   600        SH:  0    Dex: 17    Spells: 8/8 levels left

rFire    . . .     SeeInvis .   x - +1 flail
rCold    . . .     Faith    .   (no shield)
rNeg     . . .     Spirit   +   q - +0 plate armour
rPois    .         Reflect  .   (no helmet)
rElec    .         Harm     .   B - +0 cloak
rCorr    .         Rampage  .   D - +0 pair of gloves
Will     .....                  (no boots)
Stlth    ..........             (no amulet)
HPRegen  0.21/turn              p - ring of magical power
MPRegen  0.32/turn              (no ring)

@: about to teleport
A: talons 2, rugged brown scales 2, demonic guardian 1, magic shield, magic
regeneration, no stealth, inability to train dodging, no conjurations magic, no
earth magic, no transmutations magic
a: Renounce Religion, Draw Out Power


You were on level 8 of the Dungeon.
You worshipped Ru.
Ru was most pleased with you.
You visited 2 branches of the dungeon, and saw 10 of its levels.

You collected 600 gold pieces.

Inventory:

Hand Weapons
 a - a +0 mace
 h - the +6 dagger "Yfiud" {freeze, rPois Will+ Dex-4}
   (You found it on level 4 of the Dungeon)

   It has been specially enchanted to freeze those struck by it, causing extra
   injury to most foes and up to half again as much damage against particularly
   susceptible opponents.
   It can also slow down cold-blooded creatures.
   It affects your dexterity (-4).
   It protects you from poison.
   It affects your willpower, your defense against some magical effects.
 x - a +1 flail (weapon)
 F - a +0 morningstar
Armour
 b - a +0 robe
 f - a +0 leather armour
 m - a +1 scale mail
 q - a +0 plate armour (worn)
 B - a +0 cloak (worn)
 D - a +0 pair of gloves (worn)
 E - a +0 pair of gloves
Jewellery
 p - a ring of magical power (left hand)
 C - an uncursed ring of see invisible {unknown}
 G - an uncursed ring of fire {unknown}
Wands
 l - a wand of iceblast (4)
 y - a wand of paralysis (10)
 K - a wand of acid (6)
Scrolls
 e - 3 scrolls of random uselessness
 g - a scroll of teleportation
 j - 4 scrolls of remove curse
 v - 2 scrolls of enchant weapon
 A - 2 scrolls of enchant armour
 H - 3 scrolls of magic mapping
 I - a scroll of identify
 J - a scroll of amnesia
 L - a scroll of blinking {unknown}
Potions
 c - 2 potions of flight
 d - 2 potions of berserk rage
 i - 3 potions of haste {unknown}
 k - 4 potions of curing
 n - a potion of lignification {unknown}
 o - 2 potions of mutation {unknown}
 r - 2 potions of heal wounds {unknown}
 s - 2 potions of ambrosia {unknown}
 t - 3 potions of degeneration {unknown}
 w - 2 potions of magic {unknown}
 z - 2 potions of resistance {unknown}
 M - a potion of attraction {unknown}


   Skills:
 - Level 3.0 Fighting
 + Level 12.2 Maces & Flails


You had 8 spell levels left.
You didn't know any spells.
Your spell library contained the following spells:

 Spells                   Type           Power        Failure   Level
 Corona                   Hex            0%           100%        1
 Blink                    Tloc           N/A          100%        2
 Call Imp                 Summ           0%           100%        2
 Ensorcelled Hibernation  Hex/Ice        0%           100%        2
 Slow                     Hex            0%           100%        2
 Confusing Touch          Hex            0%           100%        3
 Tukima's Dance           Hex            0%           100%        3
 Magic Dart               Conj           Unusable     N/A         1
 Conjure Flame            Conj/Fire      Unusable     N/A         3
 Dazzling Flash           Conj/Hex       Unusable     N/A         3
 Mephitic Cloud           Conj/Pois/Air  Unusable     N/A         3

Dungeon Overview and Level Annotations

Branches:
Dungeon (9/15)             Temple (1/1) D:4
   Lair: D:8-11         Orc: D:9-12

Altars:
Ashenzari
Cheibriados
Dithmenos
Elyvilon
Fedhas
Gozag
Hepliaklqana
Kikubaaqudgha
Okawaru
Qazlal
Ru
Sif Muna
Trog
Uskayaw
Vehumet
Wu Jian
Xom
Zin
The Shining One

Shops:
D:4 }


Innate Abilities, Weirdness & Mutations

You have razor-sharp toenails.
You are mostly covered in rugged brown scales. (AC +2, +5% HP)
A weak demonic guardian rushes to your aid.
When hurt, damage is shared between your health and your magic reserves.
You regenerate magic rapidly.
You cannot be stealthy.
You cannot train Dodging skill.
You cannot study or cast Conjurations magic.
You cannot study or cast Earth magic.
You cannot study or cast Transmutations magic.


Message History

The two-headed ogre hits you but does no damage.
There is a stone staircase leading up, spattered with blood here.
The orc barely misses you. The orc hits you but does no damage. x2
The orc hits your shadow imp but does no damage.
The orc priest mumbles some strange prayers to Beogh against you.
Beogh smites you!
* * * LOW HITPOINT WARNING * * *
The orc hits you but does no damage.
You climb upwards.
There is a stone staircase leading down here.
As you read the scroll of fear, it crumbles to dust.
You assume a fearsome visage.
The orc looks frightened! x4
The orc priest looks frightened!
The two-headed ogre resists with some effort.
As you read the scroll of teleportation, it crumbles to dust.
You feel strangely unstable.
The two-headed ogre hits you with a +0 giant club.
* * * LOW HITPOINT WARNING * * *
The two-headed ogre hits you with a +0 giant spiked club!!
You die...

##..# ##'## #.#♣♣ #...# ##...##
#.# #.#.## ##.....## #.#####
#.#..## ##.......## ##.....#
#.#...####.........####......####
.........+.........'.............
#.#...####....o.o.o####......####
#.##.## ##....O)[## ##..###.##
.#..## ##..o)@## ##.####..##
###.# ##.[[## #.......... .#..##
##o## #..###.###. .....# #.# #..#
#.# #. ##.#.# #)# ### ##.###'###.
#.#.# #####.####.## #...+_'...
#.#.#####......##.#.###.#######.
#................###.##.# ### #.
###.####........##......#######.


You could see a two-headed ogre, an orc priest (fleeing) and 4 orcs.

Vanquished Creatures
  Harold (D:8)
  A steam dragon (D:8)
  2 sky beasts
  2 orc warriors (D:8)
  A phantom (D:7)
  2 ogres (D:6)
  A centaur (D:7)
  A big kobold (D:8)
  6 bullfrogs
  2 scorpions (D:7)
  4 howler monkeys (D:8)
  2 bullfrog zombies
  2 quasits
  An orc priest (D:7)
  A jelly (D:6)
  4 hounds
  3 orc wizards
  2 iguanas
  2 worker ants
  A hound skeleton (D:8)
  4 gnolls (D:5)
  12 adders
  A shadow imp (D:7)
  3 white imps (D:7)
  3 ufetubi
  An ooze (D:1)
  An adder zombie (D:8)
  An adder skeleton (D:6)
  3 dart slugs
  4 leopard geckos
  20 orcs
  3 giant cockroaches
  8 goblins
  9 hobgoblins
  2 jackals (D:6)
  A quokka (D:4)
  A ball python (D:3)
  7 bats
  7 frilled lizards
  8 kobolds
  A leopard gecko skeleton (D:5)
  5 rats
146 creatures vanquished.

Vanquished Creatures (collateral kills)
  2 ogres
  A scorpion (D:5)
  A bullfrog skeleton (D:8)
  A worker ant (D:5)
  An orc (D:9)
6 creatures vanquished.

Vanquished Creatures (others)
  A hound (D:4)
  An orc wizard (D:7)
  An orc (D:8)
  A plant (D:2)
  A withered plant (D:7)
5 creatures vanquished.

Grand Total: 157 creatures vanquished

Notes
Turn   | Place    | Note
-------+----------+-------------------------------------------
     0 | D:1      | theswoord the Demonspawn Monk began the quest for the Orb.
     0 | D:1      | Reached XP level 1. HP: 18/18 MP: 1/1
    45 | D:1      | You fall into a shaft and drop 1 floor!
    99 | D:2      | Reached skill level 3 in Maces & Flails
   361 | D:2      | Gained mutation: When hurt, damage is shared between your
                  | health and your magic reserves. [demonic ancestry]
   361 | D:2      | Reached XP level 2. HP: 22/24 MP: 2/2
   557 | D:2      | Gained mutation: A weak demonic guardian rushes to your
                  | aid. [demonic ancestry]
   557 | D:2      | Reached XP level 3. HP: 28/29 MP: 3/3
   725 | D:1      | Reached skill level 4 in Maces & Flails
  1590 | D:2      | Gained mutation: You are partially covered in rugged brown
                  | scales. (AC +1, +3% HP) [demonic ancestry]
  1590 | D:2      | Reached XP level 4. HP: 17/36 MP: 4/4
  1906 | D:2      | Found a stormy altar of Qazlal.
  2348 | D:3      | Found an opulent altar of Gozag.
  2720 | D:3      | Reached skill level 5 in Maces & Flails
  2821 | D:4      | Found Itiddugo's Gadget Shoppe.
  2962 | D:4      | Found a staircase to the Ecumenical Temple.
  3008 | Temple   | Entered the Ecumenical Temple
  3328 | Temple   | Became a worshipper of Ru the Awakened
  3340 | Temple   | Gained mutation: You cannot study or cast Earth magic. [Ru
                  | sacrifice]
  3340 | Temple   | Gained mutation: You cannot study or cast Transmutations
                  | magic. [Ru sacrifice]
  3340 | Temple   | Gained mutation: You cannot study or cast Conjurations
                  | magic. [Ru sacrifice]
  3340 | Temple   | Reached * piety under Ru
  3358 | D:4      | Got a jewelled dagger
  3359 | D:4      | Identified the +6 dagger "Yfiud" {freeze, rPois Will+
                  | Dex-4} (You found it on level 4 of the Dungeon)
  3398 | D:4      | Gained mutation: You have sharp toenails. [demonic
                  | ancestry]
  3398 | D:4      | Reached XP level 5. HP: 42/42 MP: 5/5
  3612 | D:4      | Noticed an ogre
  3619 | D:4      | Killed an ogre
  3620 | D:4      | Reached skill level 6 in Maces & Flails
  4072 | D:4      | Reached XP level 6. HP: 39/48 MP: 6/6
  4342 | D:5      | Entered Level 5 of the Dungeon
  4480 | D:5      | Found a snail-covered altar of Cheibriados.
  4485 | D:5      | Noticed a sky beast
  4504 | D:5      | Killed a sky beast
  4591 | D:5      | Reached skill level 7 in Maces & Flails
  4951 | D:5      | Gained mutation: You regenerate magic rapidly. [demonic
                  | ancestry]
  4951 | D:5      | Reached XP level 7. HP: 53/53 MP: 7/7
  5319 | D:6      | Reached skill level 8 in Maces & Flails
  5817 | D:6      | Reached skill level 9 in Maces & Flails
  5817 | D:6      | Gained mutation: You are mostly covered in rugged brown
                  | scales. (AC +2, +5% HP) [demonic ancestry]
  5817 | D:6      | Reached XP level 8. HP: 25/60 MP: 8/8
  6571 | D:7      | Gained mutation: You cannot train Dodging skill. [Ru
                  | sacrifice]
  6571 | D:7      | Reached ** piety under Ru
  6824 | D:7      | Reached skill level 10 in Maces & Flails
  7165 | D:7      | Found an ancient bone altar of Kikubaaqudgha.
  7824 | D:8      | Reached skill level 11 in Maces & Flails
  7827 | D:8      | Gained mutation: You have razor-sharp toenails. [demonic
                  | ancestry]
  7827 | D:8      | Reached XP level 9. HP: 62/66 MP: 9/9
  8150 | D:8      | Gained mutation: You cannot be stealthy. [Ru sacrifice]
  8150 | D:8      | Reached *** piety under Ru
  8288 | D:8      | Found a blossoming altar of Fedhas.
  8343 | D:8      | Found a white marble altar of Elyvilon.
  8521 | D:9      | Noticed a two-headed ogre
  8540 | D:9      | Noticed Harold
  8562 | D:8      | Killed Harold
  8568 | D:8      | Reached skill level 12 in Maces & Flails
  8940 | D:8      | Slain by a two-headed ogre

Skill      XL: |  1  2  3  4  5  6  7  8  9 |
---------------+----------------------------+-----
Maces & Flails | 3 4 5 6 7 9 11 12 | 12.2
Dodging        | 0 |  0.0
Stealth        | 0 |  0.0
Fighting       | |  3.0

Action                   |  1- 3 |  4- 6 |  7- 9 || total
-------------------------+-------+-------+-------++-------
Melee: Mace              |   133 |    65 |       ||   198
       Flail             |       |    88 |   361 ||   449
       Kick              |       |    21 |   110 ||   131
Invok: Sacrifice Arcana  |       |     1 |       ||     1
       Sacrifice Nimblen |       |       |     1 ||     1
       Sacrifice Stealth |       |       |     1 ||     1
  Use: Scroll            |       |    11 |     5 ||    16
       Potion            |       |       |     1 ||     1
 Stab: Sleeping          |     1 |       |       ||     1
       Distracted        |       |       |     2 ||     2
       Invisible         |       |       |     3 ||     3
Armor: Leather armour    |    25 |       |       ||    25
       Robe              |     2 |       |       ||     2
       Scale mail        |    20 |    37 |       ||    57
       Plate armour      |       |    41 |   296 ||   337
Dodge: Dodged            |   101 |    59 |    56 ||   216

Levels and vault maps discovered:
D:1:      nicolae_arrival_washed_ashore, layout_loops_ring, minivault_4,
          minivault_25
D:2:      layout_basic, nicolae_qazlal_eye_of_the_storm, serial_bayou_ford_a
D:3:      layout_loops_ring, nicolae_gozag_seed_capital
D:4:      cheibrodos_old_hovel, layout_gridville, minmay_temple_entry_overgrown,
          serial_shops, nicolae_shop_waterfront, lightli_corner_chamber
D:5:      layout_basic, lemuel_crystal_altar, small_statue_intersection,
          st_stairs_2
D:6:      layout_basic
D:7:      layout_gridville, kiku_gazebo_garden_becter
D:8:      layout_loops_corners, lemuel_doored_altar, fedhas_altar_4
D:9:      layout_rooms, makhleb_grotto_becter, nicolae_overflow_hidden_temple,
          special_room [special_room_orc], serial_shops, shop, uniq_harold
Temple:   eino_temple_water
